 Dungeon Crawl Stone Soup version 0.19.0-20-gbc5f0c6 (webtiles) character file.

25088 McCoppin the Carver (level 13, -3/104 HPs)
             Began as an Octopode Necromancer on Nov 16, 2016.
             Was a High Priest of Kikubaaqudgha.
             Slain by a seven-headed hydra (18 damage)
             ... on level 4 of the Lair of Beasts on Nov 17, 2016.
             The game lasted 01:17:59 (21320 turns).

McCoppin the Carver (Octopode Necromancer)         Turns: 21320, Time: 01:18:00

Health: -3/104     AC:  1    Str:  7    XL:     13   Next: 17%
Magic:  9/20       EV: 22    Int: 17    God:    Kikubaaqudgha [*****.]
Gold:   602        SH:  3    Dex: 18    Spells: 5 memorised, 6 levels left

rFire  + + .     SeeInvis .     X - +4 great sword (freeze)
rCold  . . .     Gourm    .     (shield currently unavailable)
rNeg   . . .     Faith    .     c - +0 hat
rPois  .         Spirit   .     Q - +3 amulet of reflection
rElec  .         Reflect  +     D - +4 ring of evasion
rCorr  .         Harm     .     P - ring of protection from fire
MR     .....                    Y - ring of stealth
Stlth  +++++++...               f - ring of Wurgh {rF+ Slay+3}
                                (no ring)
                                (no ring)
                                (no ring)
                                (no ring)

@: about to teleport, starving
A: almost no armour, stealthy swim, amphibious, 8 rings, constrict 8, camouflage
1, mutation resistance 1, robust 1, gelatinous body 1
a: Receive Corpses, Torment, Renounce Religion


You were on level 4 of the Lair of Beasts.
You worshipped Kikubaaqudgha.
Kikubaaqudgha was extremely pleased with you.
You were starving.

You visited 3 branches of the dungeon, and saw 17 of its levels.
You also visited: Ice Cave.

You collected 793 gold pieces.
You spent 191 gold pieces at shops.

Inventory:

Hand Weapons
 v - the +7 spear of the Inferno {freeze, rF+ Str-2 Dex+3}
   (You found it on level 4 of the Dungeon)

   It has been specially enchanted to freeze those struck by it, causing extra
   injury to most foes and up to half again as much damage against particularly
   susceptible opponents.
   It can also slow down cold-blooded creatures.
   It affects your strength (-2).
   It affects your dexterity (+3).
   It protects you from fire.
 x - a +2 falchion of electrocution
 V - a +5 scimitar
 X - a +4 great sword of freezing (weapon)
 Z - a +1 dagger of venom
Armour
 c - a +0 hat (worn)
 w - a +0 shield
Magical Staves
 s - an uncursed staff of poison
 B - an uncursed staff of wizardry
Jewellery
 f - the ring of Wurgh (on tentacle) {rF+ Slay+3}
   (You found it on level 11 of the Dungeon)

   [ring of protection from fire]

   It affects your accuracy and damage with ranged weapons and melee attacks
   (+3).
   It protects you from fire.
 g - the amulet "Ineriump" {+Rage MR+++ Str+6 Dex-3 Slay-5}
   (You found it on level 3 of the Lair of Beasts)

   [amulet of rage]

   It affects your strength (+6).
   It affects your dexterity (-3).
   It affects your accuracy and damage with ranged weapons and melee attacks
   (-5).
   It affects your resistance to hostile enchantments.
   It lets you go berserk.
 j - an uncursed amulet of regeneration {unknown}
 D - a +4 ring of evasion (left tentacle)
 P - a ring of protection from fire (right tentacle)
 Q - a +3 amulet of reflection (around mantle)
 W - an uncursed ring of fire
 Y - a ring of stealth (on tentacle)
Wands
 h - a wand of paralysis (16/24)
 k - a wand of confusion (13/48)
 m - a wand of digging (5/24)
 A - a wand of teleportation (5/9)
 O - a wand of iceblast (4/15)
 R - a wand of lightning (10/15)
 S - a wand of slowing (13/48)
Scrolls
 e - 5 scrolls of remove curse
 i - 3 scrolls of magic mapping {unknown}
 q - 2 scrolls of fog
 r - a scroll of immolation {unknown}
 t - 2 scrolls of amnesia
 u - a scroll of acquirement {unknown}
 y - a scroll of vulnerability
 z - 2 scrolls of enchant weapon
 C - 5 scrolls of teleportation
 E - a scroll of blinking
 G - 2 scrolls of fear
 J - 3 scrolls of enchant armour
 K - a scroll of random uselessness {unknown}
 U - a scroll of recharging
Potions
 b - 2 potions of haste {unknown}
 o - 5 potions of lignification
 p - 3 potions of cure mutation
 H - 2 potions of brilliance
 M - 3 potions of agility {unknown}
 T - a potion of flight
Books
 a - a book of Necromancy

   Spells                             Type                      Level
   a - Pain                           Necromancy                   1
   b - Animate Skeleton               Necromancy                   1
   c - Vampiric Draining              Necromancy                   3
   d - Regeneration                   Charms/Necromancy            3
   e - Animate Dead                   Necromancy                   4
   f - Control Undead                 Necromancy                   4
 F - a book of Cantrips

   Spells                             Type                      Level
   a - Confusing Touch                Hexes                        1
   b - Animate Skeleton               Necromancy                   1
   c - Summon Small Mammal            Summoning                    1
   d - Apportation                    Translocation                1
 I - a book of Misfortune

   Spells                             Type                      Level
   a - Confusing Touch                Hexes                        1
   b - Confuse                        Hexes                        3
   c - Gell's Gravitas                Hexes/Translocation          3
   d - Petrify                        Transmutation/Earth          4
   e - Metabolic Englaciation         Hexes/Ice                    5
   f - Yara's Violent Unravelling     Hexes/Transmutation          5
 L - Kikubaaqudgha's Collected Works on Unholy Arts
   (Kikubaaqudgha gifted it to you on level 11 of the Dungeon)

   Spells                             Type                      Level
   a - Animate Dead                   Necromancy                   4
   b - Bolt of Draining               Conjuration/Necromancy       5
   c - Agony                          Necromancy                   5
   d - Cigotuvi's Embrace             Necromancy                   5
   e - Dispel Undead                  Necromancy                   5
 N - Kikubaaqudgha's Catalogue of Unholy Rites
   (Kikubaaqudgha gifted it to you on level 8 of the Dungeon)

   Spells                             Type                      Level
   a - Animate Skeleton               Necromancy                   1
   b - Corpse Rot                     Necromancy                   2
   c - Sublimation of Blood           Necromancy                   2
   d - Regeneration                   Charms/Necromancy            3
   e - Control Undead                 Necromancy                   4
Comestibles
 d - 5 fruits
 l - 8 beef jerkies
 n - 10 bread rations


   Skills:
 - Level 11.0 Fighting
 + Level 13.4 Long Blades
 - Level 6.4 Dodging
 + Level 9.7 Stealth
 - Level 5.0 Spellcasting
 - Level 9.0 Necromancy


You had 6 spell levels left.
You knew the following spells:

 Your Spells              Type           Power        Failure   Level  Hunger
a - Agony                 Necr           #####...     12%         5    ######.
b - Vampiric Draining     Necr           #####.....   1%          3    ###....
c - Regeneration          Chrm/Necr      ###.......   10%         3    ###....
d - Animate Dead          Necr           N/A          4%          4    ####...
e - Pain                  Necr           ####         1%          1    None


Dungeon Overview and Level Annotations

Branches:
Dungeon (12/15)            Temple (1/1) D:4            Lair (4/6) D:11
 Shoals (0/4) Lair:3          Orc (0/2) D:12
  Snake: Lair:2-4    Spider: Lair:2-4

Altars:
Ashenzari
Cheibriados
Dithmenos
Elyvilon
Fedhas
Gozag
Hepliaklqana
Kikubaaqudgha
Makhleb
Nemelex Xobeh
Okawaru
Qazlal
Ru
Sif Muna
Trog
Uskayaw
Vehumet
Xom
Yredelemnul
Zin
The Shining One

Shops:
D:4 !}   D:9 !*(   D:12 %

Annotations:
D:3 puimuR's ghost, amateur HOTm
D:6 Cokeysmoke's ghost, novice HOTm


Innate Abilities, Weirdness & Mutations

You cannot wear most types of armour.
You are very stealthy in the water. (Stealth+)
You are amphibious.
You can wear up to eight rings at the same time.
You can use your tentacles to constrict eight enemies at once.
Your skin changes colour to match your surroundings (Stealth+).
Your rubbery body absorbs attacks. (AC +1, EV +1)
You are somewhat resistant to further mutation.
You are robust. (+10% HP)


Message History

The seven-headed hydra misses you. The seven-headed hydra bites you.
The seven-headed hydra completely misses you.
The seven-headed hydra bites you! x2
The seven-headed hydra bites you but does no damage.
The seven-headed hydra closely misses you.
Unknown command.
The seven-headed hydra bites you! x3; The seven-headed hydra misses you.
The seven-headed hydra bites you. x2; The seven-headed hydra misses you.
Okay, then.
Okay, then.
As you read the scroll of teleportation, it crumbles to dust.
You feel strangely unstable. The seven-headed hydra bites you!
* * * LOW HITPOINT WARNING * * *
The seven-headed hydra completely misses you.
The seven-headed hydra closely misses you.
The seven-headed hydra bites you.
* * * LOW HITPOINT WARNING * * *
The seven-headed hydra misses you. The seven-headed hydra bites you!!
You die...
Kikubaaqudgha rasps: "You have failed me!
Welcome... death!"

##.#.............................
#.###..............###P....##....
## ###..........### ##.......#..
####......## ##P...##### .
###...P# ##....## #...##
##.#...## #..#####.##..†.#
#.....#.##...#P# ##..D@<.##...###
###.........P# ##.##.#..###
#########


You could see a seven-headed hydra.

Vanquished Creatures
  A death yak (Lair:1)
  An unseen horror (D:12)
  7 hill giants
  A deep elf mage (D:12)
  2 cyclopes
  2 ugly things
  A manticore (D:12)
  4 elephants (Lair:3)
  A black mamba (Lair:3)
  A centaur skeleton (D:11)
  2 spiny frogs
  A rime drake (Lair:3)
  3 komodo dragons
  2 two-headed ogres
  3 trolls
  Grinder (D:3)
  7 dream sheep (Lair:2)
  3 slime creatures (D:12)
  A meliai zombie (D:11)
  A snapping turtle (Lair:3)
  2 hippogriffs
  A vampire (D:10)
  3 wyverns
  6 yaks
  A basilisk (Lair:4)
  A steam dragon (D:12)
  A hungry ghost (D:11)
  A mottled dragon (D:12)
  2 water moccasins
  7 porcupines
  Duvessa (D:7)
  3 sky beasts
  12 orc warriors
  2 eyes of draining
  4 ice beasts
  3 black bears
  A necrophage (D:9)
  4 wolves (Lair:3)
  8 ogres
  3 crocodiles
  4 centaurs
  Blork the orc (D:4)
  A big kobold (D:8)
  A wyvern zombie (D:11)
  8 bullfrogs
  Dowan (D:7)
  5 scorpions
  11 killer bees
  2 electric eels
  14 wights
  2 centaur zombies
  3 howler monkeys (D:11)
  4 crimson imps
  A bullfrog zombie (D:12)
  A quasit (D:9)
  8 hounds
  2 jellies
  11 orc priests
  A bullfrog skeleton (D:9)
  7 iguanas
  14 orc wizards
  7 worker ants
  A killer bee zombie (D:9)
  The ghost of puimuR the Chopper, a weakling HOMo (D:4)
  2 hound skeletons (D:5)
  3 worker ant zombies
  4 gnolls (D:7)
  13 adders
  5 white imps (IceCv)
  7 ufetubi (IceCv)
  3 oozes
  3 worms
  A dart slug (D:1)
  2 leopard geckos (D:6)
  42 orcs
  8 bats
  5 giant cockroaches
  10 goblins
  8 hobgoblins
  10 kobolds
  3 quokkas
  3 ball pythons
  3 frilled lizards
  A jackal skeleton (D:4)
  A quokka skeleton (D:6)
  A quokka zombie (D:6)
  10 rats
370 creatures vanquished.

Vanquished Creatures (collateral kills)
  An ice beast (D:11)
1 creature vanquished.

Vanquished Creatures (others)
  2 white imps (IceCv)
2 creatures vanquished.

Grand Total: 373 creatures vanquished

Notes
Turn   | Place    | Note
-------+----------+-------------------------------------------
     0 | D:1      | McCoppin the Octopode Necromancer began the quest for the Orb.
     0 | D:1      | Reached XP level 1. HP: 11/11 MP: 3/3
    85 | D:1      | Reached XP level 2. HP: 16/17 MP: 5/5
   612 | D:1      | Reached XP level 3. HP: 21/21 MP: 6/6
   782 | D:1      | Reached skill level 5 in Stealth
  1374 | D:2      | Reached XP level 4. HP: 25/27 MP: 4/7
  1379 | D:2      | Learned a level 3 spell: Vampiric Draining
  1383 | D:2      | Learned a level 3 spell: Regeneration
  2256 | D:3      | Reached XP level 5. HP: 32/32 MP: 8/8
  2283 | D:3      | Noticed puimuR's ghost (amateur HOTm)
  2647 | D:3      | Reached skill level 1 in Fighting
  2716 | D:3      | Noticed Grinder
  2762 | D:3      | Killed Grinder
  2762 | D:3      | Reached skill level 5 in Necromancy
  2762 | D:3      | Reached XP level 6. HP: 22/41 MP: 3/9
  3573 | D:4      | Got a bloodstained spear
  3574 | D:4      | Identified the +7 spear of the Inferno {freeze, rF+ Str-2 Dex+3} (You found it on level 4 of the Dungeon)
  3596 | D:4      | Noticed Blork the orc
  3614 | D:4      | Found Tiwno's Distillery.
  3619 | D:4      | Killed Blork the orc
  3619 | D:4      | Reached XP level 7. HP: 39/46 MP: 10/10
  3624 | D:4      | Got an ancient war axe
  3625 | D:4      | Identified the +5 war axe of Untimely Demise {chop, rElec Dex+2} (You found it on level 4 of the Dungeon)
  3693 | D:4      | Found a staircase to the Ecumenical Temple.
  3712 | Temple   | Entered the Ecumenical Temple
  3818 | Temple   | Became a worshipper of Kikubaaqudgha
  4025 | D:4      | Noticed puimuR's ghost (weakling HOMo)
  4051 | D:4      | Killed puimuR's ghost
  4066 | D:4      | Found Lunufedd's Gadget Shoppe.
  4861 | D:5      | Entered Level 5 of the Dungeon
  5037 | D:5      | Reached skill level 5 in Fighting
  5102 | D:5      | Found a sacrificial altar of Ru.
  5619 | D:5      | Reached XP level 8. HP: 39/57 MP: 11/11
  5941 | D:6      | Learned a level 4 spell: Animate Dead
  6157 | D:6      | Noticed Cokeysmoke's ghost (novice HOTm)
  7304 | D:7      | Noticed Duvessa
  7313 | D:7      | Noticed Dowan
  7313 | D:7      | Killed Duvessa
  7490 | D:7      | Killed Dowan
  7933 | D:7      | Reached XP level 9. HP: 68/68 MP: 12/12
  8034 | D:7      | Reached skill level 1 in Long Blades
  8144 | D:7      | Reached skill level 2 in Long Blades
  8380 | D:8      | Noticed a hill giant
  8650 | D:8      | Reached * piety under Kikubaaqudgha
  8650 | D:8      | Identified Kikubaaqudgha's Catalogue of Unholy Rites (Kikubaaqudgha gifted it to you on level 8 of the Dungeon)
  8650 | D:8      | Received a gift from Kikubaaqudgha
  8671 | D:8      | Reached skill level 3 in Long Blades
  9158 | D:8      | Reached skill level 4 in Long Blades
  9379 | D:8      | Reached skill level 10 in Fighting
  9763 | D:8      | Killed a hill giant
  9763 | D:8      | Reached skill level 5 in Long Blades
  9843 | D:9      | Noticed a troll
  9974 | D:9      | Found Fugikkou's General Store.
  9977 | D:9      | Killed a troll
  9977 | D:9      | Reached XP level 10. HP: 77/77 MP: 13/13
  9979 | D:9      | Found Xeegh's Distillery.
  9989 | D:9      | Bought a potion of flight for 45 gold pieces
  9989 | D:9      | Bought a potion of heal wounds for 75 gold pieces
  9989 | D:9      | Bought a potion of lignification for 45 gold pieces
  9992 | D:9      | Bought a scroll of identify for 26 gold pieces
 10051 | D:9      | Reached skill level 6 in Long Blades
 10130 | D:9      | Found Paps's Antique Weapon Shop.
 10236 | D:9      | Reached ** piety under Kikubaaqudgha
 10669 | D:9      | Gained mutation: Your mind is acute. (Int +2) [mutagenic meat]
 10670 | D:9      | Gained mutation: You are somewhat resistant to further mutation. [mutagenic meat]
 10703 | D:9      | Reached skill level 7 in Long Blades
 10817 | D:10     | Entered Level 10 of the Dungeon
 10904 | D:10     | Noticed a hill giant
 11755 | D:10     | Noticed a hill giant
 11984 | D:10     | Killed a hill giant
 12361 | D:10     | Reached skill level 8 in Long Blades
 12971 | D:9      | Killed a hill giant
 13396 | D:10     | Reached skill level 5 in Spellcasting
 13516 | D:11     | Reached XP level 11. HP: 75/83 MP: 18/18
 13556 | D:11     | Noticed a hill giant
 13589 | D:11     | Reached skill level 9 in Long Blades
 13802 | D:11     | Noticed a cyan ugly thing
 13909 | D:11     | Reached *** piety under Kikubaaqudgha
 13909 | D:11     | Identified Kikubaaqudgha's Collected Works on Unholy Arts (Kikubaaqudgha gifted it to you on level 11 of the Dungeon)
 13909 | D:11     | Received a gift from Kikubaaqudgha
 14291 | D:11     | Killed a hill giant
 14336 | D:11     | Noticed a hill giant
 14366 | D:11     | Killed a hill giant
 14450 | D:11     | Reached skill level 10 in Long Blades
 14458 | D:11     | Noticed a cyclops
 14472 | D:11     | Killed a cyclops
 14617 | D:11     | Found a staircase to the Lair.
 14826 | D:11     | Killed a cyan ugly thing
 14826 | D:11     | Reached skill level 5 in Dodging
 14862 | D:11     | Got a smoking golden ring
 15282 | D:10     | HP: 6/124 [vampire (4)]
 15954 | D:12     | Reached **** piety under Kikubaaqudgha
 15994 | D:12     | Killed an unseen horror
 15994 | D:12     | Reached skill level 11 in Long Blades
 16348 | D:12     | Reached XP level 12. HP: 78/90 MP: 19/19
 16377 | D:12     | Gained mutation: Your magical capacity is low. (-10% MP) [mutagenic meat]
 16606 | D:12     | Learned a level 5 spell: Agony
 17042 | D:12     | Found Uckynnut's Food Shoppe.
 17308 | D:12     | Reached skill level 12 in Long Blades
 17423 | D:12     | Found a staircase to the Orcish Mines.
 17623 | Lair:1   | Entered Level 1 of the Lair of Beasts
 17678 | Lair:1   | Identified the ring of Wurgh {rF+ Slay+3} (You found it on level 11 of the Dungeon)
 17680 | Lair:1   | Found a frozen archway.
 17752 | Lair:1   | Gained mutation: Scrolls take you a little longer to read. [potion of mutation]
 17753 | Lair:1   | Gained mutation: You are robust. (+10% HP) [potion of mutation]
 17753 | Lair:1   | Lost mutation: Your mind is acute. (Int +2) [potion of mutation]
 17754 | Lair:1   | Lost mutation: Your magical capacity is low. (-10% MP) [potion of cure mutation]
 17754 | Lair:1   | Lost mutation: Scrolls take you a little longer to read. [potion of cure mutation]
 17756 | IceCv    | Entered an ice cave
 17776 | IceCv    | Reached ***** piety under Kikubaaqudgha
 19568 | Lair:2   | Noticed a death yak
 19569 | Lair:2   | Noticed a death yak
 19569 | Lair:2   | Noticed a death yak
 19806 | Lair:1   | Killed a death yak
 20218 | Lair:3   | Got an ancient golden amulet
 20221 | Lair:3   | Identified the amulet "Ineriump" {+Rage MR+++ Str+6 Dex-3 Slay-5} (You found it on level 3 of the Lair of Beasts)
 20505 | Lair:3   | Reached skill level 13 in Long Blades
 20525 | Lair:3   | Reached XP level 13. HP: 57/104 MP: 8/20
 20897 | Lair:3   | Found a staircase to the Shoals.
 21320 | Lair:4   | Slain by a seven-headed hydra

Skill      XL: |  1  2  3  4  5  6  7  8  9 10 11 12 13 |
---------------+----------------------------------------+-----
Stealth        | 3 4 6 7 8 9 |  9.7
Fighting       | 2 3 6 9 10 11 | 11.0
Necromancy     | 5 6 9 |  9.0
Long Blades    | 5 8 11 13 | 13.4
Spellcasting   | 5 |  5.0
Dodging        | 6 |  6.4

Action                   |  1- 3 |  4- 6 |  7- 9 | 10-12 | 13-15 || total
-------------------------+-------+-------+-------+-------+-------++-------
Melee: Unarmed           |    43 |       |       |       |       ||    43
       Constrict         |    25 |    14 |    37 |   104 |     2 ||   182
       Tentacles         |    15 |    17 |    42 |   146 |     6 ||   226
       Dagger            |    35 |    68 |     2 |     6 |       ||   111
       Falchion          |       |     3 |    43 |   291 |       ||   337
       Spear             |       |     2 |   166 |       |       ||   168
       Great sword       |       |       |       |   238 |    37 ||   275
       Scimitar          |       |       |       |    22 |       ||    22
 Cast: Pain              |    14 |     8 |     4 |    16 |       ||    42
       Vampiric Draining |       |     1 |       |     4 |       ||     5
       Regeneration      |       |     1 |     5 |    20 |       ||    26
       Animate Dead      |       |       |       |     5 |       ||     5
       Agony             |       |       |       |    14 |    10 ||    24
Invok: Receive Corpses   |       |       |       |     2 |       ||     2
  Use: Scroll            |       |     4 |     7 |    11 |     1 ||    23
       Potion            |       |       |     1 |    15 |       ||    16
 Stab: Sleeping          |    11 |    18 |    19 |    35 |     4 ||    87
       Distracted        |       |       |     4 |     5 |       ||     9
  Eat: Chunk             |     1 |     1 |    11 |    31 |     6 ||    50
       Bread ration      |       |     1 |     1 |     1 |       ||     3
       Meat ration       |       |     1 |     1 |     1 |       ||     3
       Fruit             |       |       |     1 |     4 |       ||     5
       Pizza             |       |       |       |     2 |       ||     2
Armor: Skin              |     7 |     4 |     6 |     6 |     1 ||    24
Dodge: Dodged            |    35 |    26 |   138 |   401 |    44 ||   644
Block: Other             |       |       |     8 |    51 |     4 ||    63
       Reflection        |       |       |       |     4 |       ||     4
       Rpst.: Falchion   |       |       |    19 |    49 |       ||    68
       Great sword       |       |       |       |    56 |     3 ||    59
       Scimitar          |       |       |       |     2 |       ||     2
